[Event "Titled Tuesday Blitz November 22 Early 2022"]
[White "Artemenko, Oleg"]
[Black "Melikyan, Gnel"]
[WhiteFideId "14201798"]
[BlackFideId "54109990"]
[WhiteElo "2287"]
[BlackElo "2138"]
[Result "0-1"]
[Round "11"]
[TimeControl "180+1"]
[Date "2022.11.23"]
[WhiteClock "0:00:08"]
[BlackClock "0:00:09"]

1. d4 d6 2. Nc3 Nf6 3. e4 e5 4. Nf3 Nc6 5. dxe5 Nxe5 6. Nxe5 dxe5 7. Qxd8+ Kxd8 8. Bg5 Be6 9. O-O-O+ Bd6 10. Nb5 Ke7 11. Nxd6 cxd6 12. f3 h6 13. Bh4 b6 14. h3 Rhd8 15. b3 g5 16. Bg3 a5 17. Kb2 a4 18. Bf2 axb3 19. axb3 Nd7 20. Bb5 Nc5 21. Ra1 f5 22. b4 Nd7 23. exf5 Bxf5 24. c4 Be6 25. Rhd1 Rdc8 26. Rxa8 Rxa8 27. Kb3 h5 28. Be3 Rg8 29. g4 hxg4 30. hxg4 e4 31. fxe4 Ne5 32. Kc3 Nxg4 33. Bxb6 Nf6 34. c5 Nxe4+ 35. Kd4 Nf6 36. cxd6+ Kxd6 37. Bc5+ Kc7 38. Ra1 Nd7 39. Ra7+ Kb8 40. Ra6 Nxc5 41. bxc5 Bc8 42. Rb6+ Ka7 43. Bf1 g4 44. Rb2 g3 45. c6 Rd8+ 46. Kc5 Rd1 47. Bc4 Rc1 48. Kd5 Bh3 49. Rb7+ Ka8 50. Rg7 g2 51. Ba6 g1=Q 52. Rxg1 Rxg1 53. c7 Rc1 54. Kd6 Ka7 55. Bb5 Kb6 56. Be2 Rxc7 57. Kd5 Rc5+ 58. Kd4 Be6 59. Ke3 Re5+ 60. Kf2 Kc5 61. Bf3 Kd4 62. Ba8 Bd5 63. Bxd5 Rxd5 64. Kf3 Rf5+ 65. Kg3 Ke4 66. Kg4 Re5 67. Kh3 Kf3 68. Kh2 Re1 0-1


[Site "https://www.chess.com"]

[Event "Titled Tuesday Blitz November 22 Early 2022"]
[White "Bacrot, Etienne"]
[Black "Pranav, V"]
[WhiteFideId "605506"]
[BlackFideId "25060783"]
[WhiteElo "2666"]
[BlackElo "2430"]
[Result "0-1"]
[Round "11"]
[TimeControl "180+1"]
[Date "2022.11.22"]
[WhiteClock "0:00:10"]
[BlackClock "0:00:05"]

1. Nf3 Nf6 2. d4 e6 3. Bg5 h6 4. Bh4 d6 5. Nbd2 Be7 6. e3 b6 7. Bd3 Bb7 8. c3 Nbd7 9. Qe2 c5 10. h3 O-O 11. g4 cxd4 12. cxd4 Nd5 13. Bxe7 Qxe7 14. Rg1 Nb4 15. g5 h5 16. a3 Nxd3+ 17. Qxd3 g6 18. Ne4 Rac8 19. Nfd2 Rfd8 20. f4 e5 21. Kf2 Qe6 22. Kg3 Kg7 23. Raf1 Re8 24. Nf6 exf4+ 25. Kh2 Nxf6 26. gxf6+ Kf8 27. Rxg6 Qxe3 28. Rh6 Qe2+ 29. Qxe2 Rxe2+ 30. Kg1 Rg2+ 31. Kh1 Rg6+ 32. Nf3 Rxh6 33. Kh2 Bxf3 34. Rg1 Rc2+ 0-1


[Site "https://www.chess.com"]

[Event "Titled Tuesday Blitz November 22 Early 2022"]
[White "Balabayeva, Xeniya"]
[Black "Yuan, Qingyu"]
[WhiteFideId "13719688"]
[BlackFideId "8609772"]
[WhiteElo "2041"]
[BlackElo "2359"]
[Result "1-0"]
[Round "11"]
[TimeControl "180+1"]
[Date "2022.11.23"]
[WhiteClock "0:00:05"]
[BlackClock "0:00:01"]

1. d4 Nf6 2. c4 e6 3. Nc3 Bb4 4. Bd2 O-O 5. e3 d5 6. Nf3 b6 7. Bd3 Bb7 8. O-O Nbd7 9. Re1 dxc4 10. Bxc4 c5 11. a3 Bxc3 12. Bxc3 Ne4 13. Rc1 Rc8 14. d5 exd5 15. Bxd5 Bxd5 16. Qxd5 Ndf6 17. Qf5 Nxc3 18. Rxc3 g6 19. Qc2 Qe7 20. e4 b5 21. h3 Rfe8 22. Rce3 c4 23. Nd4 Qc5 24. Qc3 Qe5 25. Nxb5 Qxb5 26. Qxf6 Re5 27. Rf3 Rf8 28. Rd1 Rxe4 29. Rd8 Ree8 30. Rxe8 Qxe8 31. Qd4 Qb5 32. Kh2 a6 33. Rf4 Rc8 34. Qf6 Qb7 35. h4 Rc6 36. Qe5 Re6 37. Qd4 Rc6 38. h5 gxh5 39. Rf5 Qc7+ 40. g3 Rg6 41. Rxh5 h6 42. Rd5 Kh7 43. Rd7 Qc6 44. Rxf7+ Kg8 45. Rf4 Rd6 46. Qe5 Rg6 47. Qf5 1-0


[Site "https://www.chess.com"]

[Event "Titled Tuesday Blitz November 22 Early 2022"]
[White "Bilych, Olexiy"]
[Black "Csonka, Balazs"]
[WhiteFideId "14156504"]
[BlackFideId "742910"]
[WhiteElo "2320"]
[BlackElo "2404"]
[Result "1-0"]
[Round "11"]
[TimeControl "180+1"]
[Date "2022.11.22"]
[WhiteClock "0:01:04"]
[BlackClock "0:00:03"]

1. e4 e5 2. Nf3 Nc6 3. Bb5 a6 4. Ba4 Nf6 5. O-O b5 6. Bb3 Bc5 7. a4 Rb8 8. axb5 axb5 9. d3 h6 10. Nc3 O-O 11. Be3 d6 12. Nd5 Be6 13. Bxc5 dxc5 14. Nxf6+ Qxf6 15. Bxe6 Qxe6 16. Ra6 Ra8 17. Qa1 Rxa6 18. Qxa6 Nd4 19. Qxe6 Nxf3+ 20. gxf3 fxe6 21. Ra1 Rxf3 22. Ra6 c4 23. dxc4 bxc4 24. Rc6 c3 25. b3 Rf4 26. Rxc3 Rxe4 27. Rxc7 Re2 28. b4 e4 29. b5 e3 30. fxe3 Rxe3 31. b6 Re1+ 32. Kf2 Rb1 33. b7 Kh7 34. c4 Kg6 35. c5 Rb2+ 36. Ke3 Rb3+ 37. Kd2 Kf6 38. c6 1-0


[Site "https://www.chess.com"]

[Event "Titled Tuesday Blitz November 22 Early 2022"]
[White "Boruchovsky, Avital"]
[Black "Sarana, Alexey"]
[WhiteFideId "2800055"]
[BlackFideId "24133795"]
[WhiteElo "2458"]
[BlackElo "2708"]
[Result "0-1"]
[Round "11"]
[TimeControl "180+1"]
[Date "2022.11.22"]
[WhiteClock "0:00:02"]
[BlackClock "0:00:07"]

1. Nf3 d5 2. g3 g6 3. Bg2 Bg7 4. d4 c6 5. O-O Nf6 6. b3 O-O 7. c4 Bf5 8. Nc3 Ne4 9. Bb2 Nd7 10. cxd5 Nxc3 11. Bxc3 cxd5 12. Ne5 Rc8 13. Rc1 e6 14. Qd2 h5 15. Ba5 b6 16. Bb4 Nxe5 17. Bxf8 Kxf8 18. dxe5 Bxe5 19. Rxc8 Qxc8 20. Rc1 Qb8 21. e4 dxe4 22. Bxe4 Bxe4 23. Qb4+ Qd6 24. Qxe4 Kg7 25. Kg2 Bd4 26. Rc6 Qd7 27. b4 e5 28. b5 Qe7 29. Qd5 Qg5 30. Rc7 Qf5 31. Qf3 Qe6 32. Rc6 e4 33. Qb3 Qf5 34. Rc2 h4 35. gxh4 e3 36. f3 Qf4 37. Qd5 Qxh4 38. Qe4 Qg5+ 39. Kf1 Bc5 40. h4 Qf6 41. Kg2 Qa1 42. f4 Qd1 43. Qe5+ Kh7 44. Qe4 Qg4+ 45. Kf1 Qd1+ 46. Kg2 Qg4+ 47. Kf1 f5 48. Qb7+ Kh6 49. Qd5 e2+ 50. Ke1 Bb4+ 51. Rd2 Qxf4 52. Kxe2 Qxd2+ 0-1


[Site "https://www.chess.com"]

[Event "Titled Tuesday Blitz November 22 Early 2022"]
[White "Bristy, Mukherjee"]
[Black "Odinaev, Timur"]
[WhiteFideId "25077325"]
[BlackFideId "4163770"]
[WhiteElo "1715"]
[BlackElo "2306"]
[Result "1-0"]
[Round "11"]
[TimeControl "180+1"]
[Date "2022.11.23"]
[WhiteClock "0:00:14"]
[BlackClock "0:00:16"]

1. d4 Nf6 2. Bg5 Ne4 3. h4 c5 4. Nd2 Nxg5 5. hxg5 cxd4 6. Ngf3 Nc6 7. Nb3 e5 8. c3 dxc3 9. bxc3 a5 10. e4 a4 11. Nc1 Qa5 12. Qd2 b5 13. Nd3 b4 14. cxb4 Nxb4 15. Kd1 Nxd3 16. Bxd3 Bb4 17. Qc2 d6 18. Ke2 O-O 19. g6 Ba6 20. Rxh7 fxg6 21. Rah1 Bxd3+ 22. Qxd3 Qa6 23. Qxa6 Rxa6 24. Ng5 Rxf2+ 25. Kxf2 Kf8 26. Ke2 Rc6 27. Rf1+ Ke8 28. Rxg7 Rc2+ 29. Kf3 Bd2 30. Ne6 Bh6 31. Rh7 Bc1 32. Kg3 Rc3+ 33. Kh2 Bf4+ 34. Nxf4 exf4 35. Rxf4 Re3 36. Rf6 Rxe4 37. Rxg6 Kf8 38. Rxd6 Kg8 39. Ra7 1-0


[Site "https://www.chess.com"]

[Event "Titled Tuesday Blitz November 22 Early 2022"]
[White "Can, Isik"]
[Black "Aloma Vidal, Robert"]
[WhiteFideId "6383742"]
[BlackFideId "2260409"]
[WhiteElo "2374"]
[BlackElo "2435"]
[Result "1/2-1/2"]
[Round "11"]
[TimeControl "180+1"]
[Date "2022.11.22"]
[WhiteClock "0:00:02"]
[BlackClock "0:00:03"]

1. e4 e5 2. Nf3 Nf6 3. Nxe5 d6 4. Nf3 Nxe4 5. d4 d5 6. Bd3 Bd6 7. O-O O-O 8. Re1 Bf5 9. c4 c6 10. Qb3 Na6 11. c5 Naxc5 12. dxc5 Nxc5 13. Bxf5 Nxb3 14. axb3 Qf6 15. Bd3 Rfe8 16. Rxe8+ Rxe8 17. Rxa7 g5 18. h3 Bf4 19. Bxf4 Qxf4 20. Nbd2 h5 21. g3 Qb4 22. Ra4 Qe7 23. Kg2 b5 24. Ra1 Qb4 25. Rd1 g4 26. hxg4 hxg4 27. Nh2 Re5 28. Nhf1 c5 29. Ne3 Rxe3 30. fxe3 c4 31. Bf5 Qe7 32. bxc4 bxc4 33. Bxg4 Qxe3 34. Nf1 Qe5 35. Rd2 d4 36. Be2 d3 37. Bf3 Kg7 38. Kf2 Qd4+ 39. Ne3 Kf6 40. Bd5 c3 41. bxc3 Qxc3 42. Ra2 Qc1 43. Bf3 Ke5 44. Ra5+ Ke6 45. Ra6+ Ke7 46. Nf5+ Kd7 47. Rd6+ Kc7 48. Rxd3 Qc2+ 49. Be2 Qc5+ 50. Ne3 Qg5 51. Bf3 Qh6 52. Rd5 Qh2+ 53. Bg2 Qh8 54. Rf5 Qb2+ 55. Kf3 Qb3 56. Bf1 Kd8 57. Bc4 Qb7+ 58. Bd5 Qb1 59. Rxf7 Qh1+ 60. Kf4 Qh6+ 61. Ke4 Qg6+ 62. Nf5 Qg4+ 63. Ke5 Qe2+ 64. Kf6 Qb2+ 65. Kg6 Qc2 66. g4 Qd3 67. Be6 Qe4 68. Rd7+ Ke8 69. Bf7+ Kf8 70. g5 Qe7 71. Nxe7 1/2-1/2


[Site "https://www.chess.com"]

[Event "Titled Tuesday Blitz November 22 Early 2022"]
[White "Caruana, Fabiano"]
[Black "Salinas Herrera, Pablo"]
[WhiteFideId "2020009"]
[BlackFideId "3407128"]
[WhiteElo "2847"]
[BlackElo "2557"]
[Result "1-0"]
[Round "11"]
[TimeControl "180+1"]
[Date "2022.11.22"]
[WhiteClock "0:02:05"]
[BlackClock "0:00:44"]

1. e4 c5 2. c3 e6 3. d4 d5 4. e5 Nc6 5. Nf3 Qb6 6. a3 Nh6 7. b4 cxd4 8. cxd4 Nf5 9. Be3 f6 10. exf6 gxf6 11. Bd3 Nxe3 12. fxe3 Bd7 13. O-O Bh6 14. Qe2 O-O-O 15. Nc3 Ne7 16. Kh1 Kb8 17. Nd2 f5 18. Nb3 Rhg8 19. Nc5 Bc8 20. a4 Rdf8 21. a5 Qd8 22. b5 Rg7 23. b6 a6 24. Bxa6 Nc6 25. Bxb7 Bxb7 26. Nxe6 Qd6 27. Nxg7 Bxg7 28. a6 Bc8 29. b7 Bd7 30. Nb5 Qe7 31. Rfb1 Na7 32. Nxa7 Kxa7 33. b8=Q+ Rxb8 34. Rxb8 Kxb8 35. Qb2+ Kc7 36. Qb7+ Kd8 37. a7 1-0


[Site "https://www.chess.com"]

[Event "Titled Tuesday Blitz November 22 Early 2022"]
[White "Chigaev, Maksim"]
[Black "Akbas, Umut Ata"]
[WhiteFideId "4108116"]
[BlackFideId "44572646"]
[WhiteElo "2541"]
[BlackElo "2192"]
[Result "1/2-1/2"]
[Round "11"]
[TimeControl "180+1"]
[Date "2022.11.22"]
[WhiteClock "0:00:07"]
[BlackClock "0:00:43"]

1. Nf3 d5 2. c4 e6 3. g3 Nf6 4. Bg2 Be7 5. O-O O-O 6. b3 c5 7. cxd5 Nxd5 8. Nc3 Nc6 9. Bb2 Bf6 10. Qc2 b6 11. Nxd5 exd5 12. d4 Nxd4 13. Nxd4 cxd4 14. Qd2 Re8 15. Bxd4 Bxd4 16. Qxd4 Rxe2 17. Qxd5 Qxd5 18. Bxd5 Rb8 19. Rfe1 Rxe1+ 20. Rxe1 Kf8 21. Rc1 Bb7 22. Bxb7 Rxb7 23. Rc8+ Ke7 24. Kf1 Kd6 25. Ke2 Rc7 26. Rg8 Rc2+ 27. Kd3 Rxf2 28. Rxg7 Ke6 29. Rxh7 Rxa2 30. h4 Rg2 31. Rg7 a5 32. Kc4 Rc2+ 33. Kd3 Rh2 34. Rg5 f5 35. Rg6+ Kf7 36. Rxb6 Rg2 37. Kd4 Rxg3 38. Ke5 Rh3 39. Rb7+ Kg6 40. Rb6+ Kf7 41. Kxf5 Rxh4 42. Ke5 a4 43. bxa4 Rxa4 44. Kd5 1/2-1/2


[Site "https://www.chess.com"]

[Event "Titled Tuesday Blitz November 22 Early 2022"]
[White "Ciuffoletti, Paolo"]
[Black "Saravana, Krishnan P."]
[WhiteFideId "807630"]
[BlackFideId "5018382"]
[WhiteElo "2143"]
[BlackElo "2155"]
[Result "0-1"]
[Round "11"]
[TimeControl "180+1"]
[Date "2022.11.23"]
[WhiteClock "0:00:01"]
[BlackClock "0:00:38"]

1. e4 c5 2. d4 cxd4 3. c3 d3 4. Bxd3 Nc6 5. c4 g6 6. Nc3 Bg7 7. Nf3 d6 8. h3 Nf6 9. O-O O-O 10. Be3 Nd7 11. Qd2 Nc5 12. Bc2 Be6 13. b3 Nb4 14. Bb1 a5 15. Nd4 Bd7 16. Nd5 Nc6 17. Bc2 e6 18. Nc3 Nb4 19. Rad1 Qb8 20. Ndb5 Bxb5 21. Nxb5 b6 22. Bb1 Rd8 23. Bg5 Rd7 24. Qf4 e5 25. Qg4 Ne6 26. Be3 Nc6 27. g3 Qd8 28. f4 Ned4 29. Nxd4 exd4 30. Bc1 h5 31. Qe2 h4 32. f5 hxg3 33. fxg6 fxg6 34. Qg4 Ne5 35. Qxg3 Qe7 36. Bf4 Qe6 37. Bc2 Rf8 38. Rde1 Rdf7 39. Bd1 d3 40. Bg4 Nxg4 41. hxg4 Bd4+ 42. Kg2 g5 0-1


[Site "https://www.chess.com"]

[Event "Titled Tuesday Blitz November 22 Early 2022"]
[White "D`Arruda, Ricardo D."]
[Black "Valle Maytin, Luis Enrique"]
[WhiteFideId "100692"]
[BlackFideId "3503666"]
[WhiteElo "2516"]
[BlackElo "2225"]
[Result "1-0"]
[Round "11"]
[TimeControl "180+1"]
[Date "2022.11.23"]
[WhiteClock "0:00:11"]
[BlackClock "0:00:02"]

1. d4 Nf6 2. Nf3 d5 3. c4 c6 4. e3 g6 5. Nc3 Bg7 6. Bd3 O-O 7. O-O Nbd7 8. e4 dxe4 9. Nxe4 Nxe4 10. Bxe4 Nf6 11. Bc2 Bg4 12. Be3 Qc7 13. h3 Be6 14. Qe2 Rad8 15. Ng5 Bc8 16. Rad1 e5 17. Nf3 e4 18. Ne5 Rfe8 19. Bf4 Qb6 20. Bb3 Be6 21. c5 Qb4 22. Bxe6 Rxe6 23. Nc4 Nd5 24. Be3 f5 25. g3 Rf8 26. b3 Qb5 27. Rfe1 Nc3 28. Qc2 Nxd1 29. Rxd1 h6 30. Nd6 Qa5 31. Qc4 Rf6 32. h4 Qd8 33. Bg5 hxg5 34. hxg5 Kh7 35. gxf6 Qxf6 36. Kg2 e3 37. Rh1+ Bh6 38. fxe3 Kg7 39. e4 fxe4 40. Rf1 Qg5 41. Qxe6 Qd2+ 42. Kh3 Bg5 43. Qf7+ Kh6 44. Qf8+ Kh5 45. Qh8+ Bh6 46. Nf7 Qe3 47. Rf4 Qxf4 48. gxf4 g5 49. Qxh6# 1-0


[Site "https://www.chess.com"]

[Event "Titled Tuesday Blitz November 22 Early 2022"]
[White "Dardha, Daniel"]
[Black "Svane, Rasmus"]
[WhiteFideId "240990"]
[BlackFideId "4657101"]
[WhiteElo "2528"]
[BlackElo "2674"]
[Result "1-0"]
[Round "11"]
[TimeControl "180+1"]
[Date "2022.11.22"]
[WhiteClock "0:00:16"]
[BlackClock "0:00:12"]

1. e4 c6 2. d4 d5 3. e5 Bf5 4. h4 h5 5. Bd3 Bxd3 6. Qxd3 Qa5+ 7. b4 Qa6 8. Qf3 e6 9. c3 Qa4 10. Ne2 a6 11. O-O a5 12. bxa5 Nd7 13. Nd2 Rxa5 14. Nb3 Ra8 15. Bg5 b5 16. Nf4 g6 17. Qh3 Be7 18. Nxe6 fxe6 19. Qxe6 Nf8 20. Qxc6+ Kf7 21. Qxd5+ Ne6 22. f4 Rd8 23. Qf3 Ng7 24. d5 Nf5 25. d6 Bxg5 26. hxg5 Qa7+ 27. Kh2 Ne3 28. Nd4 Nxf1+ 29. Rxf1 Ne7 30. f5 Kg8 31. f6 Nf5 32. Nxf5 gxf5 33. Qxf5 Qd7 34. Qg6+ Kf8 35. e6 Qxd6+ 36. Kh1 Rd7 37. e7+ Rxe7 38. fxe7+ Kxe7 39. Qg7+ 1-0


[Site "https://www.chess.com"]

[Event "Titled Tuesday Blitz November 22 Early 2022"]
[White "Deac, Bogdan-Daniel"]
[Black "Seo, Jung Min"]
[WhiteFideId "1226380"]
[BlackFideId "1734687"]
[WhiteElo "2648"]
[BlackElo "2455"]
[Result "1-0"]
[Round "11"]
[TimeControl "180+1"]
[Date "2022.11.22"]
[WhiteClock "0:00:18"]
[BlackClock "0:01:21"]

1. Nf3 d5 2. e3 Nf6 3. c4 e6 4. Nc3 Be7 5. b3 O-O 6. Bb2 c5 7. cxd5 exd5 8. d4 Nc6 9. Be2 Bg4 10. dxc5 Bxc5 11. O-O a6 12. Rc1 Ba7 13. Na4 Ne4 14. Nd4 Bxd4 15. Bxg4 Bxb2 16. Nxb2 Nf6 17. Bf3 Qa5 18. Nd3 Rad8 19. Qc2 h6 20. Nc5 Qb6 21. Nxb7 Nb4 22. Qc7 Qxc7 23. Rxc7 Rb8 24. a3 Nd3 25. Rc3 Nxf2 26. Nc5 N2e4 27. Nxe4 dxe4 28. Be2 Nd5 29. Rc5 Nxe3 30. Rb1 f5 31. Bxa6 f4 32. Re5 Rb7 33. Bxb7 1-0


[Site "https://www.chess.com"]

[Event "Titled Tuesday Blitz November 22 Early 2022"]
[White "Decuigniere, Tom"]
[Black "Heinemann, Josefine"]
[WhiteFideId "26093820"]
[BlackFideId "12900460"]
[WhiteElo "2252"]
[BlackElo "2300"]
[Result "1-0"]
[Round "11"]
[TimeControl "180+1"]
[Date "2022.11.23"]
[WhiteClock "0:00:09"]
[BlackClock "0:00:06"]

1. c4 Nf6 2. Nc3 c5 3. g3 Nc6 4. Bg2 g6 5. d3 Bg7 6. Bf4 O-O 7. Qd2 d6 8. Bh6 e6 9. h4 Nd4 10. Bxg7 Kxg7 11. e3 Nc6 12. Nge2 d5 13. cxd5 exd5 14. d4 Bg4 15. dxc5 Qa5 16. O-O Qxc5 17. Nf4 Rad8 18. Rac1 d4 19. Ncd5 Qd6 20. exd4 Be6 21. Nxf6 Kxf6 22. d5 Ne5 23. Nxe6 fxe6 24. Qg5+ Kg7 25. dxe6 Qxe6 26. Rc7+ Nf7 27. Qe3 Qxa2 28. Qc3+ Kg8 29. Rxb7 Rb8 30. Rxb8 Rxb8 31. h5 Qxb2 32. Qc4 Qb4 33. Qe6 Qb6 34. Qg4 Kg7 35. hxg6 Qxg6 36. Qd4+ Qf6 37. Qxa7 Re8 38. Rc1 Re7 39. Qc5 Re5 40. Qc3 Rf5 41. Qxf6+ Rxf6 42. f4 h6 43. Rc7 Rd6 44. Bf1 Kf6 45. Bc4 Nd8 46. Kg2 Ne6 47. Bxe6 Rxe6 48. Rh7 Kg6 49. Ra7 Rc6 50. Kf3 h5 51. Kg2 Rb6 52. Kh3 Rb1 53. Ra6+ Kf5 54. Rh6 Rh1+ 55. Kg2 Rb1 56. Rxh5+ Kg6 57. Rg5+ Kf6 58. Kh3 Rh1+ 59. Kg4 Rb1 60. Rf5+ Kg6 61. Ra5 Kf6 62. Ra6+ Kg7 63. f5 Rb3 64. Kf4 Kf7 65. g4 Rb4+ 66. Kg5 Kg7 67. Ra7+ 1-0


[Site "https://www.chess.com"]

[Event "Titled Tuesday Blitz November 22 Early 2022"]
[White "Duda, Jan-Krzysztof"]
[Black "Nakamura, Hikaru"]
[WhiteFideId "1170546"]
[BlackFideId "2016192"]
[WhiteElo "2779"]
[BlackElo "2909"]
[Result "0-1"]
[Round "11"]
[TimeControl "180+1"]
[Date "2022.11.22"]
[WhiteClock "0:00:02"]
[BlackClock "0:00:18"]

1. e4 g6 2. d4 Bg7 3. Nc3 a6 4. Be3 b5 5. Qd2 Bb7 6. f3 d6 7. h4 Nd7 8. h5 e6 9. O-O-O Ngf6 10. g4 Nb6 11. Bd3 Nfd7 12. Qf2 Qe7 13. Rh3 c5 14. Bf1 Rc8 15. hxg6 hxg6 16. Rxh8+ Bxh8 17. Qh2 Bg7 18. Kb1 b4 19. Nce2 Nc4 20. Bf2 Ndb6 21. Qh7 Qf8 22. Nc1 cxd4 23. Bxc4 Nxc4 24. Bxd4 Bxd4 25. Rxd4 d5 26. exd5 Bxd5 27. Qh2 a5 28. f4 Qc5 29. Nb3 Qc7 30. Qe2 Kf8 31. Nf3 a4 32. Na1 Qb6 33. Rd1 Qe3 34. Qxe3 Nxe3 35. Re1 Bxf3 36. Rxe3 Bxg4 37. b3 a3 38. Re4 Rb8 0-1


[Site "https://www.chess.com"]

[Event "Titled Tuesday Blitz November 22 Early 2022"]
[White "Durarbayli, Vasif"]
[Black "Bortnyk, Olexandr"]
[WhiteFideId "13402935"]
[BlackFideId "14120828"]
[WhiteElo "2586"]
[BlackElo "2723"]
[Result "0-1"]
[Round "11"]
[TimeControl "180+1"]
[Date "2022.11.22"]
[WhiteClock "0:00:01"]
[BlackClock "0:00:06"]

1. e4 Nf6 2. e5 Nd5 3. d4 d6 4. c4 Nb6 5. exd6 exd6 6. Nc3 Be7 7. Bd3 O-O 8. Nge2 c6 9. O-O Na6 10. a3 d5 11. c5 Nd7 12. b4 Nc7 13. Qc2 g6 14. Rb1 Bf6 15. a4 a6 16. b5 axb5 17. axb5 Ne6 18. Be3 Re8 19. Rfd1 Bg5 20. Qd2 Bxe3 21. fxe3 Qg5 22. e4 Qxd2 23. Rxd2 dxe4 24. Nxe4 Kg7 25. Nd6 Re7 26. Bc4 Nf6 27. Ng3 Nc7 28. b6 Ncd5 29. Rf2 Be6 30. Re1 Rd7 31. h3 Ra4 32. Rc1 Nxb6 33. Bxe6 fxe6 34. Rxf6 Kxf6 35. Nge4+ Kg7 36. cxb6 Rxd4 37. Ne8+ Kh6 0-1


[Site "https://www.chess.com"]

[Event "Titled Tuesday Blitz November 22 Early 2022"]
[White "Ezat, Mohamed"]
[Black "Fiol, Fabrice"]
[WhiteFideId "10600906"]
[BlackFideId "611670"]
[WhiteElo "2386"]
[BlackElo "2460"]
[Result "1-0"]
[Round "11"]
[TimeControl "180+1"]
[Date "2022.11.23"]
[WhiteClock "0:01:19"]
[BlackClock "0:01:17"]

1. e4 c5 2. d4 cxd4 3. c3 Nf6 4. e5 Nd5 5. Bc4 Nb6 6. Bb3 Nc6 7. Nf3 g6 8. cxd4 Bg7 9. h4 d6 10. h5 Bg4 11. h6 Bf8 12. Bxf7+ Kxf7 13. Ng5+ Kg8 14. Qxg4 Qc8 15. e6 Nd5 16. Nc3 Nf6 17. Qd1 d5 18. Bf4 Nd8 19. Qe2 Qc4 20. Qxc4 dxc4 21. d5 Nh5 22. Rxh5 gxh5 23. Nge4 Rc8 24. Ke2 a6 25. Rh1 b5 26. Rxh5 Bxh6 27. Bxh6 1-0


[Site "https://www.chess.com"]

[Event "Titled Tuesday Blitz November 22 Early 2022"]
[White "Fabris, Alberto"]
[Black "Donskov, Anatoly"]
[WhiteFideId "801348"]
[BlackFideId "24143413"]
[WhiteElo "2166"]
[BlackElo "2219"]
[Result "0-1"]
[Round "11"]
[TimeControl "180+1"]
[Date "2022.11.23"]
[WhiteClock "0:00:14"]
[BlackClock "0:00:14"]

1. d4 d5 2. Nf3 Nf6 3. g3 Bf5 4. Bg2 e6 5. O-O h6 6. c4 c6 7. Nc3 Be7 8. Qb3 Qb6 9. c5 Qxb3 10. axb3 Nbd7 11. b4 O-O 12. b5 Ne4 13. e3 Nxc3 14. bxc3 cxb5 15. Nd2 Bd3 16. Re1 f5 17. Nb3 b6 18. cxb6 Nxb6 19. Na5 Rfc8 20. Bd2 Kf7 21. Bf1 Bxf1 22. Kxf1 a6 23. Ke2 Nc4 24. Reb1 Nxa5 25. Rxa5 Bd8 26. Ra2 Rcb8 27. Kd3 Ra7 28. Rab2 Rab7 29. f3 a5 30. e4 Bc7 31. Be1 a4 32. Re2 Bd6 33. g4 g6 34. gxf5 gxf5 35. Rg2 Rg8 36. Rxg8 Kxg8 37. Bg3 Bxg3 38. hxg3 Kg7 39. exf5 exf5 40. Re1 b4 41. cxb4 Rxb4 42. Re5 a3 43. Rxd5 Ra4 44. Rd7+ Kg6 45. Rd6+ Kg5 46. f4+ Kg4 47. Rg6+ Kf3 48. Rxh6 a2 49. Rh1 a1=Q 50. Rxa1 Rxa1 0-1


[Site "https://www.chess.com"]

[Event "Titled Tuesday Blitz November 22 Early 2022"]
[White "Fernandez Garcia, Gumersindo"]
[Black "Izuzquiza Gonzalez, Javier"]
[WhiteFideId "24516740"]
[BlackFideId "3101029"]
[WhiteElo "2140"]
[BlackElo "2034"]
[Result "1-0"]
[Round "11"]
[TimeControl "180+1"]
[Date "2022.11.23"]
[WhiteClock "0:01:10"]
[BlackClock "0:00:23"]

1. e4 c5 2. c3 Nf6 3. e5 Nd5 4. d4 cxd4 5. cxd4 e6 6. Nf3 d6 7. Bc4 Be7 8. O-O O-O 9. Re1 Nc6 10. h3 Bd7 11. Bxd5 exd5 12. Nc3 Be6 13. Bf4 Rc8 14. Qb3 Na5 15. Qb5 a6 16. Qe2 Nc4 17. exd6 Bxd6 18. Bxd6 Qxd6 19. Ng5 Rfe8 20. Rac1 Qf4 21. Qh5 h6 22. Nxe6 fxe6 23. Nxd5 Qxd4 24. Nc7 Rf8 25. Nxe6 Qxf2+ 26. Kh1 Rf5 27. Qg4 Rg5 28. Nxg5 hxg5 29. Qxc8+ 1-0


[Site "https://www.chess.com"]

[Event "Titled Tuesday Blitz November 22 Early 2022"]
[White "Ferreira, Vitor Hugo Vieira"]
[Black "Buscar, Michael"]
[WhiteFideId "2119765"]
[BlackFideId "2603616"]
[WhiteElo "2168"]
[BlackElo "2010"]
[Result "0-1"]
[Round "11"]
[TimeControl "180+1"]
[Date "2022.11.23"]
[WhiteClock "0:01:57"]
[BlackClock "0:01:34"]

1. e4 c5 2. Nf3 Nc6 3. d4 cxd4 4. Nxd4 Nf6 5. Nc3 e5 6. Ndb5 h6 7. Bc4 a6 8. Nd6+ Bxd6 9. Qxd6 Qe7 10. Qd1 b5 11. Bb3 b4 12. Nd5 Nxd5 13. exd5 Nd4 14. Bc4 Qc5 15. Qd3 O-O 16. Be3 Bb7 17. c3 Rac8 18. cxd4 Qxc4 19. Qxc4 Rxc4 20. dxe5 Bxd5 21. O-O Rfc8 22. a3 b3 23. Rfc1 Rc2 24. Rxc2 bxc2 25. Rc1 Bb3 26. f3 a5 27. Kf2 a4 28. Ke2 Rc6 29. Bd2 d6 30. f4 dxe5 31. fxe5 Rc5 32. Bc3 Rd5 33. Ke3 Rd1 34. Bd2 Kf8 35. Kd3 Ke7 36. Rxc2 Bxc2+ 37. Kxc2 Rg1 38. g3 Rg2 39. Kc3 Rxh2 40. Be3 Ke6 41. b3 axb3 42. Kxb3 Kxe5 43. a4 Ke4 44. Bf4 g5 45. Bc7 Rh1 46. a5 Ra1 47. Kc4 Rc1+ 48. Kb5 Rxc7 49. Kb6 Re7 50. a6 Kf3 51. a7 Rxa7 52. Kxa7 Kxg3 0-1


[Site "https://www.chess.com"]

[Event "Titled Tuesday Blitz November 22 Early 2022"]
[White "Garmash, Aliona"]
[Black "Diaz Rosas, Julio Cesar"]
[WhiteFideId "34127620"]
[BlackFideId "5105099"]
[WhiteElo "1958"]
[BlackElo "2246"]
[Result "0-1"]
[Round "11"]
[TimeControl "180+1"]
[Date "2022.11.23"]
[WhiteClock "0:00:04"]
[BlackClock "0:00:14"]

1. d4 d5 2. c4 e6 3. Nc3 Bb4 4. cxd5 exd5 5. Nf3 Nf6 6. Bg5 h6 7. Bh4 Nbd7 8. e3 c6 9. Bd3 Nf8 10. Qc2 Bg4 11. Ne5 Be6 12. O-O Be7 13. f4 g5 14. fxg5 hxg5 15. Bxg5 Ng4 16. Bxe7 Qxe7 17. Nxg4 Bxg4 18. Rae1 Ne6 19. Bf5 Qh4 20. g3 Qh5 21. Bxg4 Qxg4 22. Qf5 Qg7 23. Qf6 Qh7 24. Rf2 Rg8 25. e4 Rg6 26. Qe5 O-O-O 27. exd5 Ng5 28. Qf5+ Kb8 29. Rfe2 Qh5 30. Qf4+ Kc8 31. Kh1 Nh3 32. Qe5 Rg5 33. Qe7 Qf3+ 34. Rg2 Nf2+ 35. Kg1 Nh3+ 36. Kh1 Rf5 0-1


[Site "https://www.chess.com"]

[Event "Titled Tuesday Blitz November 22 Early 2022"]
[White "Garv Gaur"]
[Black "Viskelis, Darius"]
[WhiteFideId "45030839"]
[BlackFideId "12800830"]
[WhiteElo "1960"]
[BlackElo "2025"]
[Result "1-0"]
[Round "11"]
[TimeControl "180+1"]
[Date "2022.11.23"]
[WhiteClock "0:01:41"]
[BlackClock "0:00:03"]

1. d4 d5 2. Nf3 e6 3. c4 c5 4. cxd5 exd5 5. g3 Nc6 6. Bg2 Nf6 7. Nc3 cxd4 8. Nxd4 Bc5 9. Nxc6 bxc6 10. Qc2 Bb6 11. O-O O-O 12. b4 a5 13. b5 cxb5 14. Bg5 Be6 15. Rad1 Rc8 16. Qb2 b4 17. Nxd5 Bxd5 18. Rxd5 Qe7 19. Rf5 Rfd8 20. e3 Rc3 21. Bxf6 gxf6 22. Qe2 Ra3 23. Qg4+ Kh8 24. Be4 Rg8 25. Qh4 Rg7 26. Rh5 Rxa2 27. Rxh7+ Kg8 28. Rh8# 1-0


[Site "https://www.chess.com"]

[Event "Titled Tuesday Blitz November 22 Early 2022"]
[White "Gheorghiu, Calin"]
[Black "Rose, Felix"]
[WhiteFideId "1200305"]
[BlackFideId "5105722"]
[WhiteElo "2225"]
[BlackElo "2039"]
[Result "1-0"]
[Round "11"]
[TimeControl "180+1"]
[Date "2022.11.23"]
[WhiteClock "0:00:17"]
[BlackClock "0:00:15"]

1. e4 c5 2. Nf3 e6 3. d4 cxd4 4. Nxd4 a6 5. Nc3 b5 6. Bd3 Bb7 7. O-O Nc6 8. Nf3 Bd6 9. Re1 Qb8 10. Qe2 f6 11. e5 Nxe5 12. Nxe5 Bxe5 13. Qh5+ Kf8 14. Ne4 Ne7 15. Be3 g6 16. Qh6+ Kf7 17. Bc5 Nf5 18. Qh3 d5 19. Ng3 Nxg3 20. hxg3 h5 21. f4 Rc8 22. fxe5 Rxc5 23. exf6 Rc6 24. g4 Qh8 25. Qe3 Qxf6 26. Rf1 d4 27. Qxd4 Qxf1+ 28. Rxf1+ Ke7 29. Qg7+ Kd6 30. Qxb7 1-0


[Site "https://www.chess.com"]